Map: El Dorado

Players

CAVEMANZERG

  • Race: Protoss Protoss
  • League: Master
  • Spawn Location: 5:00

Moja - Winner!

  • Race: Terran Terran
  • League: Grandmaster
  • Spawn Location: 7:00

VOD

Have the link to the VOD?

Description

Time

  • Played on: April 23, 2025, 6 p.m.
  • Length: 13:19
Show
View Real Time Build Order
Export as new Build Order

CAVEMANZERG Protoss 

Build Orders:  

Get SALT Encoding   

  12  0:00  Probe  
  13  0:12  Probe  
  14  0:18  Pylon  
  14  0:24  Probe  
  15  0:34  Probe  
  15  0:40  Forge  
  15  0:42  Probe  
  17  0:51  Probe  
  18  0:59  Pylon  
  18  1:19  Photon Cannon  
  18  1:20  Gateway  
  18  1:23  Pylon  
  17  1:48  Probe  
  17  1:50  Assimilator  
  17  2:02  Nexus  
  17  2:03  Probe  
  18  2:09  Gateway  
  18  2:12  Probe  
  19  2:17  Pylon  
  19  2:20  Probe  
  19  2:29  Probe  
  21  2:38  Photon Cannon  
  21  2:41  Probe  
  22  2:55  Probe  
  23  2:58  Cybernetics Core  
  23  3:03  Gateway  
  23  3:05  Probe  
  23  3:09  Assimilator  
  23  3:11  Probe  
  24  3:13  Probe  
  24  3:19  Probe  
  26  3:23  Stalker  
  26  3:24  Warp Gate  
  26  3:25  Probe  
  28  3:28  Probe  
  29  3:37  Probe  
  32  3:42  Gateway  
  32  3:45  Probe  
  32  3:48  Stalker  
  33  3:53  Probe  
  36  3:55  Sentry  
  36  3:57  Probe  
  39  4:04  Twilight Council  
  39  4:09  Shield Battery  
  39  4:11  Probe  
  39  4:13  Probe  
  41  4:19  Stalker, Pylon  
  43  4:25  Probe  
  44  4:31  Blink  
  44  4:33  Probe  
  44  4:37  Probe  
  44  4:45  Probe  
  41  4:49  Probe  
  40  4:57  Probe  
  41  5:01  Probe  
  41  5:05  Robotics Facility, Nexus  
  42  5:09  Probe  
  42  5:13  Assimilator, Probe  
  42  5:14  Stalker  
  46  5:19  Stalker  
  48  5:21  Probe  
  48  5:26  Probe  
  48  5:27  Pylon  
  50  5:29  Pylon  
  50  5:33  Stalker, Probe  
  50  5:34  Protoss Ground Armor Level 1  
  53  5:39  Probe, Pylon  
  54  5:48  Stalker  
  56  5:51  Observer, Probe  
  57  5:57  Pylon  
  57  5:58  Probe  
  57  6:02  Gateway  
  57  6:03  Gateway  
  59  6:10  Stalker  
  59  6:11  Probe  
  56  6:13  Charge  
  56  6:16  Probe  
  56  6:17  Observer  
  56  6:18  Probe  
  56  6:23  Probe  
  58  6:28  Gateway  
  58  6:29  Probe  
  59  6:34  Probe  
  59  6:37  Probe  
  61  6:41  Probe  
  62  6:47  Gateway  
  62  6:48  Gateway, Probe  
  62  6:49  Probe  
  62  6:50  Warp Prism  
  64  6:55  Robotics Bay  
  66  7:03  Probe  
  66  7:04  Probe x2  
  69  7:10  Zealot x2  
  69  7:13  Sentry  
  69  7:14  Zealot  
  77  7:19  Shield Battery  
  75  7:26  Zealot x2  
  75  7:28  Probe  
  80  7:31  Shield Battery  
  80  7:32  Colossus  
  80  7:36  Zealot x3, Pylon  
  90  7:45  Zealot  
  92  7:52  Zealot  
  92  7:53  Zealot x2  
  92  7:55  Zealot  
  92  7:57  Probe  
  99  7:59  Probe  
  99  8:05  Protoss Ground Weapons Level 1  
  82  8:08  Zealot x4, Extended Thermal Lance  
  82  8:10  Probe  
  91  8:19  Colossus  
  91  8:20  Zealot  
  91  8:21  Zealot x2  
  91  8:22  Probe  
  91  8:25  Probe  
  95  8:28  Zealot x2, Observer  
  93  8:49  Nexus  
  93  8:55  Zealot x2  
  93  8:56  Zealot x2  
  93  8:58  Sentry  
  103  9:03  Zealot x3  
  109  9:10  Pylon  
  109  9:11  Pylon  
  103  9:22  Zealot  
  103  9:23  Zealot x6  
  95  9:26  Probe x2  
  95  9:29  Zealot  
  87  9:37  Pylon  
  79  9:41  Probe  
  79  9:42  Probe  
  79  9:43  Dark Shrine  
  74  9:46  Zealot x4  
  74  9:48  Probe  
  83  9:53  Probe  
  83  9:54  Probe  
  83  9:59  Assimilator  
  89  10:00  Probe  
  89  10:04  Protoss Ground Armor Level 2, Colossus  
  92  10:08  Shield Battery  
  92  10:10  Zealot x3  
  92  10:12  Stalker  
  100  10:15  Stalker x2  
  103  10:21  Zealot, Sentry  
  103  10:27  Pylon  
  103  10:28  Pylon  
  103  10:34  Stalker x2  
  107  10:36  Probe  
  107  10:39  Robotics Facility  
  107  10:42  Zealot x3  
  102  10:48  Zealot x2  
  108  10:52  Disruptor  
  108  10:55  Probe  
  105  11:00  Zealot x3  
  107  11:06  Dark Templar  
  107  11:09  Zealot x3  
  107  11:13  Shield Battery  
  107  11:15  Zealot  
  100  11:23  Zealot x3  
  93  11:26  Gateway, Immortal  
  93  11:27  Gateway  
  93  11:28  Probe x2  
  93  11:30  Zealot, Dark Templar  
  93  11:31  Zealot  
  85  11:43  Probe  
  85  11:46  Zealot x5  
  91  12:01  Zealot x2, Disruptor  
  91  12:04  Zealot  
  91  12:07  Zealot x5  
  94  12:21  Probe  
  87  12:22  Zealot x4  
  87  12:27  Stalker x2  
  99  12:31  Stalker  
  99  12:37  Disruptor, Pylon  
  91  12:47  Zealot x3  
  89  12:53  Zealot x5  
  91  12:59  Zealot x2  
  79  13:05  Zealot x2  
  79  13:11  Zealot x3  
Show
View Real Time Build Order
Export as new Build Order

Moja Terran - Winner!

Build Orders:  

Get SALT Encoding   

  12  0:00  SCV  
  13  0:12  SCV  
  14  0:18  Supply Depot  
  14  0:24  SCV  
  15  0:39  SCV  
  15  0:41  Barracks  
  16  0:45  Refinery  
  16  0:51  SCV  
  17  1:03  SCV  
  18  1:15  SCV  
  19  1:29  Orbital Command, Marine  
  19  1:32  Bunker  
  20  1:46  Marine  
  21  1:54  SCV, Factory  
  21  1:59  Supply Depot  
  22  2:06  SCV  
  22  2:07  Refinery  
  23  2:18  Barracks Reactor  
  23  2:24  Supply Depot  
  23  2:40  Starport  
  23  2:44  Factory Tech Lab  
  23  2:46  SCV  
  24  2:58  SCV, Command Center  
  25  3:09  Cyclone  
  25  3:12  SCV  
  29  3:19  Supply Depot  
  29  3:25  Medivac  
  31  3:40  Marine x2  
  33  3:42  SCV  
  33  3:45  Supply Depot  
  34  3:54  SCV  
  35  4:06  Cloaking Field, Banshee  
  35  4:07  SCV, Factory Tech Lab  
  39  4:11  Orbital Command  
  39  4:13  Marine x2  
  41  4:19  SCV  
  41  4:41  SCV  
  41  4:44  SCV  
  43  4:46  Marine x2  
  43  4:52  Banshee  
  48  4:53  SCV  
  48  4:56  SCV  
  48  4:57  Barracks x2  
  50  5:00  Supply Depot  
  50  5:02  Siege Tank  
  50  5:05  SCV  
  50  5:06  Supply Depot  
  54  5:09  SCV, Marine  
  54  5:10  Marine  
  54  5:13  Refinery  
  57  5:18  SCV  
  58  5:23  SCV  
  58  5:25  Supply Depot  
  59  5:31  SCV, Marine  
  59  5:32  Marine  
  62  5:36  SCV  
  63  5:43  SCV  
  63  5:46  Engineering Bay  
  63  5:48  SCV  
  65  5:52  Starport Reactor, Factory Reactor  
  65  5:53  Stimpack  
  65  5:54  Marine, Marauder x2  
  65  5:55  SCV  
  71  6:00  SCV  
  71  6:01  Combat Shield  
  72  6:07  SCV  
  73  6:12  SCV  
  73  6:14  Marine  
  73  6:15  Marine  
  73  6:16  Marauder x2  
  77  6:21  Supply Depot, Refinery  
  77  6:22  Supply Depot, Terran Infantry Weapons Level 1  
  77  6:23  SCV  
  77  6:24  SCV  
  76  6:34  Medivac x2  
  76  6:37  Widow Mine  
  76  6:38  Widow Mine  
  84  6:43  Marine x2  
  84  6:44  Marauder x2  
  90  6:48  Supply Depot  
  90  7:00  Command Center  
  90  7:04  Marine x2  
  90  7:05  Marauder  
  94  7:11  Marauder  
  96  7:16  Medivac x2  
  96  7:21  Marine  
  101  7:27  Widow Mine x2  
  105  7:32  Concussive Shells  
  105  7:34  Marine  
  105  7:35  Marauder  
  108  7:39  Marauder  
  108  7:40  Barracks x2  
  110  7:44  Supply Depot x2  
  110  7:57  Marine  
  110  7:58  Marine  
  110  7:59  Medivac  
  110  8:01  Marauder, Medivac  
  110  8:03  Marauder  
  110  8:05  Widow Mine  
  109  8:06  Widow Mine  
  109  8:10  SCV  
  109  8:11  SCV  
  113  8:14  Orbital Command, Marine  
  112  8:28  Marine, Marauder  
  112  8:29  Medivac  
  112  8:30  SCV x2  
  112  8:38  Marine, Marauder  
  112  8:40  Barracks Tech Lab, Barracks Reactor  
  112  8:41  Medivac  
  117  8:42  SCV x2  
  119  8:51  Marine, Marauder  
  119  8:52  Supply Depot x3, Orbital Command  
  119  8:54  SCV x2, Widow Mine  
  126  8:55  Marine  
  126  8:59  Marauder, Medivac  
  126  9:02  Marauder  
  133  9:05  Terran Infantry Armor Level 1  
  133  9:07  Marine  
  133  9:09  Marine  
  133  9:13  Marine, Marauder  
  127  9:20  Marine  
  127  9:23  Marauder  
  115  9:27  Marine  
  115  9:29  Marine  
  115  9:30  SCV x2  
  110  9:32  Medivac  
  110  9:33  Widow Mine x2, Medivac  
  110  9:34  Marauder  
  110  9:37  Marine  
  108  9:39  Marauder  
  108  9:42  SCV x2  
  108  9:44  Marauder  
  106  9:50  SCV  
  107  9:54  SCV x2, Marine  
  107  9:55  Marauder  
  112  10:00  Widow Mine x2  
  112  10:02  SCV, Refinery  
  112  10:03  Refinery  
  112  10:04  Armory  
  112  10:06  SCV, Engineering Bay, Viking x2  
  122  10:10  Marine  
  122  10:11  Marauder  
  122  10:13  Barracks Tech Lab  
  125  10:22  Marine, Marauder  
  125  10:24  Marauder  
  125  10:28  Marine  
  128  10:29  SCV x2  
  128  10:32  Marauder  
  128  10:34  Marauder  
  128  10:35  SCV  
  134  10:36  Medivac  
  134  10:39  Marine  
  134  10:41  SCV x2  
  128  10:43  Marauder  
  128  10:45  Marine  
  128  10:46  Marine  
  128  10:47  SCV  
  133  10:54  SCV, Marauder  
  133  10:55  Marine  
  131  10:57  Marine  
  131  11:00  Medivac  
  131  11:03  Marauder  
  131  11:04  Marine  
  132  11:05  Marauder  
  133  11:13  Marauder  
  133  11:14  Marine  
  133  11:15  Marine  
  132  11:21  Marine  
  132  11:24  Marauder  
  128  11:26  SCV, Marauder  
  128  11:32  SCV x2, Marine  
  130  11:33  Marine, Medivac  
  130  11:35  Marauder  
  130  11:38  SCV  
  130  11:39  Marine  
  130  11:43  Missile Turret  
  130  11:46  Marauder  
  129  11:48  Marauder  
  130  11:59  Missile Turret  
  128  12:02  Marine  
  128  12:03  Marauder  
  128  12:07  Orbital Command  
  127  12:17  Marine, Marauder  
  124  12:25  Liberator  
  124  12:26  Liberator  
Tags
 
Matchup
PvT
Player
Moja
Spawn Locations
Close Positions
Add a new tag
Caveats
  • Supply blocks, unpowered buildings, or Contaminate may cause inaccurate times.
  • Supply counts are checked every 10 seconds.